 Dungeon Crawl Stone Soup version 0.21.0-3-g78d12a8 (webtiles) character file.

548 theanonym the Conjurer (level 7, 0/45 HPs)
             Began as an Octopode Conjurer on Jan 10, 2018.
             Slain by a centaur zombie (7 damage)
             ... in an ossuary.
             The game lasted 00:11:16 (3667 turns).

theanonym the Conjurer (Octopode Conjurer)          Turns: 3667, Time: 00:11:17

Health: 0/45       AC:  1    Str:  7    XL:     7   Next: 28%
Magic:  2/12       EV: 13    Int: 19    God:
Gold:   146        SH:  8    Dex: 13    Spells: 1/13 levels left

rFire    . . .     SeeInvis .   (no weapon)
rCold    . . .     Gourm    .   n - +3 buckler
rNeg     . . .     Faith    .   (helmet restricted)
rPois    .         Spirit   .   (no amulet)
rElec    .         Reflect  .   (no ring)
rCorr    .         Harm     .   (no ring)
MR       .....                  (no ring)
Stlth    +++.......             (no ring)
HPRegen  0.15/turn              (no ring)
MPRegen  0.13/turn              (no ring)
                                (no ring)
                                (no ring)

@: flying
A: almost no armour, stealthy swim, amphibious, 8 rings, constrict 8, camouflage
1, deterioration 1, sense surroundings 1, robust 1, gelatinous body 1
a: no special abilities


Innate Abilities, Weirdness & Mutations

You cannot wear most types of armour.
You are very stealthy in the water. (Stealth+)
You are amphibious.
You can wear up to eight rings at the same time.
You can use your tentacles to constrict eight enemies at once.
Your skin changes colour to match your surroundings (Stealth+).
Your rubbery body absorbs attacks. (AC +1, EV +1)
Your body sometimes deteriorates upon taking damage.
You passively map a small area around you.
You are robust. (+10% HP)


   Skills:
 - Level 2.0 Dodging
 - Level 2.6 Stealth
 * Level 3.8 Shields
 + Level 3.5 Spellcasting
 + Level 5.8 Conjurations
 + Level 3.0 Hexes


You had one spell level left.
You knew the following spells:

 Your Spells              Type           Power        Failure   Level  Hunger
a - Magic Dart            Conj           ####         1%          1    None
b - Dazzling Spray        Conj/Hex       ###...       7%          3    ###....
d - Fulminant Prism       Conj/Hex       ###.......   22%         4    ####...
f - Iskenderun's Mystic   Conj           ####....     13%         4    ####...

Skill      XL: |  1  2  3  4  5  6  7 |
---------------+----------------------+-----
Spellcasting   | 3 |  3.5
Conjurations   | 5 |  5.8
Hexes          | 1 2 3 |  3.0
Shields        | 3 |  3.8
Dodging        | |  2.0
Stealth        | |  2.6

Action                   |  1- 3 |  4- 6 |  7- 9 || total
-------------------------+-------+-------+-------++-------
Melee: Unarmed           |     3 |       |    19 ||    22
       Constrict         |     7 |    10 |     2 ||    19
       Tentacles         |     4 |     9 |     2 ||    15
       Dagger            |    21 |    40 |     6 ||    67
 Cast: Magic Dart        |    47 |    79 |       ||   126
       Iskenderun's Myst |       |    10 |     3 ||    13
       Dazzling Spray    |       |     1 |       ||     1
       Fulminant Prism   |       |       |     1 ||     1
  Use: Potion            |       |     3 |     4 ||     7
       Scroll            |       |     4 |     5 ||     9
 Stab: Sleeping          |     1 |       |       ||     1
  Eat: Chunk             |       |     4 |       ||     4
       Ration            |       |     2 |       ||     2
Armor: Skin              |     6 |     1 |    15 ||    22
Dodge: Dodged            |    32 |    24 |     6 ||    62
Block: Buckler           |       |     2 |    11 ||    13

Inventory:

Armour
 n - a +3 buckler (worn)
   (You found it on level 3 of the Dungeon)
Scrolls
 c - a scroll of amnesia {unknown}
 f - a scroll of fog
 h - a scroll of fear
 i - 2 scrolls of remove curse
 o - a scroll of enchant armour
 q - a scroll of enchant weapon
 y - a scroll of magic mapping
Potions
 g - 2 potions of ambrosia
 j - 2 potions of degeneration
 w - a potion of curing
Books
 b - a book of Conjurations
Comestibles
 e - 9 rations You were in an ossuary. You were very hungry. You visited 1 branch of the dungeon, and saw 4 of its levels. You also visited: Ossuary. You collected 146 gold pieces.

Dungeon Overview and Level Annotations

Branches:
Dungeon (4/15)
 Temple: D:4-7

Altars:
Ashenzari
Fedhas
Gozag
Hepliaklqana
Qazlal
Ru
Xom

#.......# #.......#
#.......# ##.....##
###.### #'# #####
###.### ##...##
##.....## #@Z.§§#
#.......#
##.Z..§###Z..∩...##
#....§M§§.MZ∩∩∩...'
##...§§###Z..∩...##
#...§.# #.......#
##...## ##.....##
##### ###.### #'#
#.#


You could see a mummy, a centaur zombie and a human zombie.

Notes
Turn   | Place    | Note
-------+----------+-------------------------------------------
     0 | D:1      | theanonym the Octopode Conjurer began the quest for the Orb.
     0 | D:1      | Reached XP level 1. HP: 11/11 MP: 3/3
   261 | D:1      | Reached XP level 2. HP: 17/17 MP: 0/5
   712 | D:1      | Reached XP level 3. HP: 21/21 MP: 3/6
   963 | D:2      | Reached skill level 3 in Spellcasting
   963 | D:2      | Reached XP level 4. HP: 21/27 MP: 0/8
   969 | D:2      | Learned a level 4 spell: Iskenderun's Mystic Blast
  1034 | D:2      | Learned a level 3 spell: Dazzling Spray
  1170 | D:2      | Reached skill level 5 in Conjurations
  1170 | D:2      | Reached skill level 1 in Hexes
  1284 | D:2      | Noticed Natasha
  1292 | D:2      | Killed Natasha
  1292 | D:2      | Reached XP level 5. HP: 28/31 MP: 0/9
  1295 | D:2      | Noticed Natasha
  1305 | D:2      | HP: 15/31 [Natasha (5)]
  1306 | D:2      | Killed Natasha
  1306 | D:2      | Reached skill level 2 in Hexes
  1461 | D:2      | Noticed Natasha
  1463 | D:2      | Killed Natasha
  1582 | D:2      | Found a sacrificial altar of Ru.
  2073 | D:2      | Found a runed door.
  2163 | D:2      | Noticed Crazy Yiuf
  2171 | D:2      | Killed Crazy Yiuf
  2171 | D:2      | Reached XP level 6. HP: 36/36 MP: 0/10
  2286 | D:2      | Found a stormy altar of Qazlal.
  2495 | D:3      | Found a hazy altar of Hepliaklqana.
  2514 | D:3      | Found an opulent altar of Gozag.
  2521 | D:3      | Found a shimmering altar of Xom.
  2933 | D:3      | Found a blossoming altar of Fedhas.
  3026 | D:3      | Found a shattered altar of Ashenzari.
  3092 | D:4      | Found a sand-covered staircase.
  3186 | Ossuary  | Entered an ossuary
  3198 | Ossuary  | Reached skill level 1 in Shields
  3203 | Ossuary  | Reached skill level 2 in Shields
  3209 | Ossuary  | HP: 17/36 [human zombie (6)]
  3216 | Ossuary  | Reached skill level 3 in Shields
  3374 | Ossuary  | HP: 14/36 [centaur zombie (6)]
  3375 | Ossuary  | Reached XP level 7. HP: 16/41 MP: 5/12
  3568 | Ossuary  | Learned a level 4 spell: Fulminant Prism
  3644 | Ossuary  | Reached skill level 3 in Hexes
  3652 | Ossuary  | HP: 18/41 [human zombie (7)]
  3653 | Ossuary  | Gained mutation: You are robust. (+10% HP) [potion of mutation]
  3653 | Ossuary  | Gained mutation: Your body sometimes deteriorates upon taking damage. [potion of mutation]
  3653 | Ossuary  | Gained mutation: You passively map a small area around you. [potion of mutation]
  3665 | Ossuary  | HP: 7/45 [centaur zombie (7)]
  3667 | Ossuary  | Slain by a centaur zombie

Vanquished Creatures
  4 centaur zombies (Ossuary)
  4 human zombies (Ossuary)
  A bullfrog skeleton (D:2)
  Crazy Yiuf (D:2)
  Natasha (thrice) (D:2)
  2 mummies
  4 adders
  4 gnolls (D:2)
  A worm (D:3)
  A dart slug (D:2)
  3 orcs (D:3)
  2 giant cockroaches
  5 goblins
  4 hobgoblins
  4 jackals (D:1)
  7 bats
  2 frilled lizards (D:3)
  11 kobolds
  8 rats
71 creatures vanquished.

Vanquished Creatures (others)
  A fulminant prism (Ossuary)
1 creature vanquished.

Grand Total: 72 creatures vanquished

Table legend:
 A = Turns spent in this place as a percentage of turns spent in the entire game.
 B = Non-inter-level travel turns spent in this place as a percentage of non-inter-level travel turns spent in the entire game.
 C = Inter-level travel turns spent in this place as a percentage of turns spent in this place.
 D = Turns resting spent in this place as a percentage of non-inter-level travel turns spent in this place.
 E = Turns spent auto-exploring this place as a percentage of non-inter-level travel turns spent in this place.
 F = Non-inter-level travel turns spent in this place divided by the number of levels of this place that you've seen.
                   A       B       C       D       E      F
               +-------+-------+-------+-------+-------+----------------------
         Total | 100.0 | 100.0 |   2.5 |  45.6 |  40.5 | 715.2
       Dungeon |  86.9 |  86.5 |   2.9 |  42.3 |  45.7 | 773.8
       Ossuary |  13.1 |  13.5 |   0.0 |  66.5 |   7.1 | 481.0
               +-------+-------+-------+-------+-------+----------------------
